[Event "Schachfestival Open-B 2018"]
[Site "Lueneburg"]
[Date "2018.07.11"]
[Round "5"]
[White "Berndt, Matthias"]
[Black "Kaesemann, Holger"]
[Result "0-1"]
[ECO "D40"]
[WhiteElo "2077"]
[BlackElo "1746"]
[Annotator "NA"]
[PlyCount "114"]
[EventDate "2018.07.06"]
[EventType "swiss"]
[EventCountry "GER"]
[SourceTitle "playchess.com"]
[Source "ChessBase"]
[SourceQuality "1"]
[TimeControl "40/5400+30:1800+30"]

1. d4 d5 2. c4 e6 3. Nf3 Nf6 4. Nc3 c5 5. e3 Nc6 6. a3 cxd4 7. exd4 b6 {[%emt 0:00:55] D40: Damengambit (Verbesserte Tarrasch-Verteidigung)} (7... Be7 8. Bd3 dxc4 9. Bxc4 O-O 10. O-O Nd5 11. Re1 Nxc3 12. bxc3 Bf6 13. Bd3 Bd7 14. Rb1 b6 15. Rb5 g6 16. Bh6 Re8 17. Qd2 Ne7 18. Rbe5 Bc6 19. Bg5 Bg7 20. R5e3 h6 21. Bh4 Bxf3 22. Rxf3 {½-½ (42) Salem,A (2638)-Svidler,P (2749) Geneva 2017}) 8. Bg5 Be7 9. Be2 O-O 10. O-O h6 $146 ({Vorgänger:} 10... Bb7 11. Re1 dxc4 12. Bxc4 Rc8 13. Ba2 Nd5 14. h4 Bxg5 15. Nxg5 Nce7 16. Qh5 Nf6 17. Qe2 Ng6 18. Nxf7 Rxf7 19. Qxe6 Rcc7 20. Nb5 {0-1 (57) Gossell,T (2251)-Holt,C (2219) Tulsa 2008}) 11. Bh4 Bb7 12. Rc1 Rc8 13. cxd5 Nxd5 14. Bg3 Na5 15. Nxd5 Bxd5 16. b4 Rxc1 17. Qxc1 Nb3 18. Qb2 Bxf3 19. Bxf3 Nxd4 20. Bg4 Bf6 21. Qa2 Qd7 22. f4 Rc8 23. Qb1 Qc6 24. Bf2 Qc2 25. Bxd4 Bxd4+ 26. Kh1 Be3 27. g3 Rc3 28. Qxc2 Rxc2 29. Bd1 Rb2 30. Re1 Bd4 31. Re4 Rd2 32. Be2 Kf8 33. a4 Ke7 34. g4 Kd6 35. Bf3 e5 36. f5 Ra2 37. Bd1 Ra1 38. Re1 Bc3 39. Rg1 Bxb4 40. Bb3 Rxg1+ 41. Kxg1 f6 42. Bc4 Kc5 43. Bb5 Kd4 44. Kf2 Ke4 45. h3 Kf4 46. Bf1 Bc5+ 47. Ke2 Kg5 48. Kf3 h5 49. Bd3 hxg4+ 50. hxg4 Kh4 51. Be2 Kh3 52. Bd1 $17 Kh2 53. Ke4 Kg3 54. g5 fxg5 55. Kxe5 g4 56. Ke4 Kh3 57. Kf4 g3 0-1

[Event "Schachfestival Open-B 2018"]
[Site "Lueneburg"]
[Date "2018.07.11"]
[Round "5"]
[White "Brockmann, Marc"]
[Black "Kertesz, Oliver"]
[Result "1/2-1/2"]
[ECO "A10"]
[WhiteElo "1710"]
[BlackElo "1703"]
[Annotator "NA"]
[PlyCount "81"]
[EventDate "2018.07.06"]
[EventType "swiss"]
[EventCountry "GER"]
[SourceTitle "playchess.com"]
[Source "ChessBase"]
[SourceQuality "1"]
[TimeControl "40/5400+30:1800+30"]

1. c4 f5 2. Nc3 e6 3. Nf3 Nf6 4. g3 Be7 5. Bg2 O-O 6. O-O c6 7. d4 d5 8. cxd5 exd5 9. Bg5 Qe8 10. Ne5 Qh5 11. Bxf6 Rxf6 12. e3 Qh6 13. f4 g5 14. Rf2 g4 15. Rb1 Qf8 16. a3 Be6 17. b4 Nd7 18. Na4 Rc8 19. Nc5 Bxc5 20. bxc5 Nxe5 21. fxe5 Rf7 22. Rfb2 Rcc7 23. Qa4 a6 24. Rb6 h5 25. Qd1 h4 26. Qe1 Rh7 27. R1b2 Qe7 28. Qf2 Qg5 29. Qf4 Qxf4 30. exf4 h3 31. Bf1 Rhe7 32. Bd3 Kf8 33. Kf2 Kf7 34. Ke3 Kg6 35. Kd2 Bc8 36. Kc3 Kf7 37. Kb4 Ke6 38. Ka5 Rf7 39. R6b4 Rfe7 40. Kb6 Rf7 41. Ka5 1/2-1/2

[Event "Schachfestival Open-B 2018"]
[Site "Lueneburg"]
[Date "2018.07.11"]
[Round "5"]
[White "Vahabi, Seyed Reza"]
[Black "Rausch, Darius"]
[Result "0-1"]
[ECO "A48"]
[WhiteElo "1704"]
[BlackElo "1658"]
[Annotator "NA"]
[PlyCount "87"]
[EventDate "2018.07.06"]
[EventType "swiss"]
[EventCountry "GER"]
[SourceTitle "playchess.com"]
[Source "ChessBase"]
[SourceQuality "1"]
[TimeControl "40/5400+30:1800+30"]

1. d4 Nf6 2. Bf4 g6 3. Nf3 Bg7 4. e3 d6 5. Nbd2 O-O 6. Bd3 Nfd7 7. Bg5 h6 8. Bh4 g5 9. Bg3 e5 10. Bf5 Nc6 11. h4 g4 12. Nh2 exd4 13. e4 Nf6 14. Bxg4 Re8 15. O-O Nxe4 16. Nxe4 Rxe4 17. Bf3 Re8 18. Qd2 Qf6 19. Rfe1 Bf5 20. Bd5 Bd7 21. Nf3 Rab8 22. Rxe8+ Rxe8 23. Re1 Rxe1+ 24. Qxe1 Qf5 25. Be4 Qe6 26. Bxc6 Qxe1+ 27. Nxe1 Bxc6 28. Nd3 Be4 29. Bf4 Kh7 30. f3 Bxd3 31. cxd3 Kg6 32. Kf2 Be5 33. Bd2 c5 34. g3 d5 35. f4 Bf6 36. g4 Bxh4+ 37. Kf3 Bf6 38. f5+ Kg7 39. a4 c4 40. dxc4 dxc4 41. Ke4 b6 42. Bb4 d3 43. b3 Bg5 44. Kf3 0-1

[Event "Schachfestival Open-B 2018"]
[Site "Lueneburg"]
[Date "2018.07.11"]
[Round "5"]
[White "Bildat, Emilia"]
[Black "Rothenberg, Nina"]
[Result "1-0"]
[ECO "A45"]
[WhiteElo "1512"]
[BlackElo "1611"]
[Annotator "NA"]
[PlyCount "65"]
[EventDate "2018.07.06"]
[EventType "swiss"]
[EventCountry "GER"]
[SourceTitle "playchess.com"]
[Source "ChessBase"]
[SourceQuality "1"]
[TimeControl "40/5400+30:1800+30"]

1. d4 Nf6 2. Bf4 e6 3. e3 c5 4. c3 Nc6 5. Nd2 b6 6. Ngf3 Bb7 7. h3 Be7 8. Bd3 O-O 9. O-O cxd4 10. exd4 Rc8 11. a4 Nd5 12. Bh2 h6 13. Nc4 d6 14. Re1 Re8 15. Qd2 Qc7 16. Ra2 Nb8 17. Na3 Nc6 18. Qe2 Qd7 19. Nc2 Bf6 20. Bb5 Nc7 21. Bc4 e5 22. dxe5 Nxe5 23. Nxe5 dxe5 24. Ne3 Bg5 25. Rd1 Qc6 26. b3 Kh8 27. Bxf7 Rf8 28. Bc4 Bh4 29. f3 Qg6 30. Ng4 Bxf3 31. Nxe5 Qxg2+ 32. Qxg2 Bxg2 33. Ng6+ 1-0

[Event "Schachfestival Open-B 2018"]
[Site "Lueneburg"]
[Date "2018.07.12"]
[Round "6"]
[White "Kaesemann, Holger"]
[Black "Vahabi, Seyed Reza"]
[Result "0-1"]
[ECO "B01"]
[WhiteElo "1746"]
[BlackElo "1704"]
[Annotator "NA"]
[PlyCount "58"]
[EventDate "2018.07.06"]
[EventType "swiss"]
[EventCountry "GER"]
[SourceTitle "playchess.com"]
[Source "ChessBase"]
[SourceQuality "1"]
[TimeControl "40/5400+30:1800+30"]

1. e4 d5 2. exd5 c6 3. dxc6 Nxc6 4. Nf3 Bg4 5. Be2 e6 6. Nc3 Rc8 7. d3 Bb4 8. Bd2 Nf6 9. h3 Bh5 10. O-O O-O 11. a3 Ba5 12. Rc1 Ne7 13. b4 Bb6 14. Na4 Bc7 15. Be3 Bb8 16. Nc5 Qc7 17. g3 Nfd5 18. Qd2 Nf5 19. Bd1 Nfxe3 20. fxe3 Qxg3+ 21. Qg2 Qxg2+ 22. Kxg2 Nxe3+ 23. Kf2 Nxf1 24. Kxf1 Bf4 25. Rb1 b6 26. Nd7 Rfd8 27. Nde5 Bxe5 28. Nxe5 Bxd1 29. Rxd1 Rxc2 0-1

[Event "Schachfestival Open-B 2018"]
[Site "Lueneburg"]
[Date "2018.07.12"]
[Round "6"]
[White "Kertesz, Oliver"]
[Black "Paufler, Patrick"]
[Result "0-1"]
[ECO "D02"]
[WhiteElo "1703"]
[BlackElo "1626"]
[Annotator "NA"]
[PlyCount "54"]
[EventDate "2018.07.06"]
[EventType "swiss"]
[EventCountry "GER"]
[SourceTitle "playchess.com"]
[Source "ChessBase"]
[SourceQuality "1"]
[TimeControl "40/5400+30:1800+30"]

1. d4 d5 2. Bf4 Nf6 3. Nf3 e6 4. e3 c5 5. c3 Nc6 6. Nbd2 Be7 7. h3 O-O 8. Bd3 b6 9. O-O Bb7 10. e4 dxe4 11. Nxe4 cxd4 12. Qc2 h6 13. Rad1 Rc8 14. Qb1 Nd5 15. Bd2 dxc3 16. Nxc3 Nxc3 17. Bxc3 Qc7 18. Rfe1 Bb4 19. Bh7+ Kh8 20. Bxg7+ Kxg7 21. Rxe6 fxe6 22. Qg6+ Kh8 23. Qxe6 Rce8 24. Qg4 Qxh7 25. Nh4 Rg8 26. Qh5 Re1+ 27. Rxe1 Bxe1 0-1

[Event "Schachfestival Open-B 2018"]
[Site "Lueneburg"]
[Date "2018.07.12"]
[Round "6"]
[White "Groth, Matthias"]
[Black "Richter, Matthias Alexander"]
[Result "1-0"]
[ECO "D60"]
[WhiteElo "1661"]
[BlackElo "2259"]
[Annotator "NA"]
[PlyCount "89"]
[EventDate "2018.07.06"]
[EventType "swiss"]
[EventCountry "GER"]
[SourceTitle "playchess.com"]
[Source "ChessBase"]
[SourceQuality "1"]
[TimeControl "40/5400+30:1800+30"]

1. d4 Nf6 2. c4 e6 3. Nc3 d5 4. Bg5 Be7 5. e3 O-O 6. Nf3 Nbd7 7. Bd3 dxc4 8. Bxc4 b6 9. O-O Bb7 10. a3 h6 11. Bh4 Rc8 {[%emt 0:04:26] E12: Queen's Indian: Unusual White 4th moves, 4 a3, 4 Nc3 Bb7 5 a3 and 4 Nc3 Bb7} (11... Ne4 12. Bg3 Nxg3 13. hxg3 c5 14. Qe2 cxd4 15. Nxd4 Ne5 16. Ba6 Qc8 17. Bxb7 Qxb7 18. f4 Nd7 19. Rfd1 Nf6 20. Qf3 Qxf3 {½-½ (20) Sale,S (2409)-Kuljasevic,D (2577) Split 2013}) 12. b4 c5 $146 ({Predecessor:} 12... Ne4 13. Bxe7 Qxe7 14. Nb5 a6 15. Nxc7 Rxc7 16. Qd3 b5 17. Bb3 Rc3 18. Qd1 Rfc8 19. Ne1 {0-1 (47) Correia,M (1718)-Correia,V (1439) Iracemapolis 2013}) 13. dxc5 bxc5 14. b5 Ne4 15. Nxe4 Bxe4 16. Bg3 Nb6 17. Be2 c4 18. Nd4 Bd6 19. f3 Bxg3 20. fxe4 Be5 21. Nc6 Qc7 22. Rc1 Bxh2+ 23. Kh1 Bg3 24. Bxc4 Nxc4 25. Rxc4 Qb7 26. Qf3 Bh4 27. Qh5 Bg5 28. Rc3 Rc7 29. Qe2 Qb6 30. a4 a6 31. Rfc1 Rfc8 32. a5 Qxb5 33. Qxb5 axb5 34. Ne7+ Rxe7 35. Rxc8+ Kh7 36. R1c7 Rxc7 37. Rxc7 Kg6 38. Rc3 Bd8 39. a6 Bb6 40. Kg1 b4 $18 41. Rb3 Bc5 42. Kf2 Kf6 43. Rxb4 Ke5 44. Rb5 Kd6 45. Rxc5 1-0

[Event "Schachfestival Open-B 2018"]
[Site "Lueneburg"]
[Date "2018.07.12"]
[Round "6"]
[White "Rothenberg, Nina"]
[Black "Thomas, Jeremy"]
[Result "1/2-1/2"]
[ECO "B18"]
[WhiteElo "1611"]
[BlackElo "1485"]
[Annotator "NA"]
[PlyCount "60"]
[EventDate "2018.07.06"]
[EventType "swiss"]
[EventCountry "GER"]
[SourceTitle "playchess.com"]
[Source "ChessBase"]
[SourceQuality "1"]
[TimeControl "40/5400+30:1800+30"]

1. e4 c6 2. d4 d5 3. Nc3 dxe4 4. Nxe4 Bf5 5. Ng3 Bg6 6. N1e2 Nf6 7. Nf4 e6 8. Bc4 Bd6 9. c3 Qc7 10. Qf3 Nbd7 11. O-O O-O 12. h4 e5 13. Nxg6 hxg6 14. Ne4 Nxe4 15. Qxe4 Nf6 16. Qxg6 Kh8 17. Qf5 exd4 18. cxd4 Qb6 19. Bd3 Qxd4 20. Bg5 Qe5 21. Qxe5 Bxe5 22. Rab1 Rad8 23. Bc4 Kg8 24. Rfe1 Rfe8 25. b3 Kf8 26. Rbd1 Bc3 27. Rxe8+ Rxe8 28. Bxf6 Bxf6 29. Rd7 Re7 30. Rd8+ Re8 1/2-1/2

[Event "Schachfestival Open-B 2018"]
[Site "Lueneburg"]
[Date "2018.07.13"]
[Round "7"]
[White "Berndt, Matthias"]
[Black "Raedisch, Peter"]
[Result "*"]
[WhiteElo "2077"]
[BlackElo "1606"]
[Annotator "NA"]
[PlyCount "68"]
[EventDate "2018.07.06"]
[EventType "swiss"]
[EventCountry "GER"]
[SourceTitle "playchess.com"]
[Source "ChessBase"]
[SourceQuality "1"]
[TimeControl "40/5400+30:1800+30"]

1. d4 d5 2. g3 a6 3. Bg2 c6 4. Nf3 h6 5. O-O Bf5 6. Nbd2 Nf6 7. c4 Qc8 8. cxd5 Bh3 9. dxc6 Nxc6 10. Qb3 Bxg2 11. Kxg2 e6 12. e4 Be7 13. e5 Nd5 14. Ne4 O-O 15. Bd2 Rd8 16. Rac1 Qb8 17. a3 Qa7 18. Be3 Qb8 19. Rc2 Rf8 20. Nc5 Bxc5 21. Rxc5 Qc7 22. Qc2 Qe7 23. Qe2 Rad8 24. Rfc1 Qd7 25. Nd2 Nde7 26. Qg4 Nf5 27. Ne4 Kh7 28. Nd6 Nxd6 29. exd6 Qxd6 30. Rh5 e5 31. Rc5 Qg6 32. Qf3 f6 33. dxe5 Nxe5 34. Qe2 Rd7 *

[Event "Schachfestival Open-B 2018"]
[Site "Lueneburg"]
[Date "2018.07.13"]
[Round "7"]
[White "Vahabi, Seyed Reza"]
[Black "Groth, Matthias"]
[Result "0-1"]
[WhiteElo "1704"]
[BlackElo "1661"]
[Annotator "NA"]
[PlyCount "44"]
[EventDate "2018.07.06"]
[EventType "swiss"]
[EventCountry "GER"]
[SourceTitle "playchess.com"]
[Source "ChessBase"]
[SourceQuality "1"]
[TimeControl "40/5400+30:1800+30"]

1. d4 d5 2. Bf4 Nf6 3. Nf3 Bf5 4. e3 e6 5. Bd3 Bg6 6. Nbd2 Bd6 7. Bg5 Nbd7 8. Rc1 O-O 9. Bxg6 hxg6 10. c4 c6 11. O-O a6 12. e4 dxe4 13. Nxe4 Be7 14. Nc3 b5 15. Qe2 Nd5 16. cxd5 Bxg5 17. Nxg5 Qxg5 18. dxe6 Nf6 19. exf7+ Rxf7 20. Qe6 Raf8 21. Rcd1 Ng4 22. Ne4 Qf4 0-1

[Event "Schachfestival Open-B 2018"]
[Site "Lueneburg"]
[Date "2018.07.13"]
[Round "7"]
[White "Thomas, Jeremy"]
[Black "Braeutigam, Katerina"]
[Result "1/2-1/2"]
[WhiteElo "1485"]
[BlackElo "1706"]
[Annotator "NA"]
[PlyCount "61"]
[EventDate "2018.07.06"]
[EventType "swiss"]
[EventCountry "GER"]
[SourceTitle "playchess.com"]
[Source "ChessBase"]
[SourceQuality "1"]
[TimeControl "40/5400+30:1800+30"]

1. e4 d5 2. exd5 Qxd5 3. Nc3 Qa5 4. d4 Nf6 5. Nf3 c6 6. Bc4 Bf5 7. O-O e6 8. Re1 Be7 9. Bf4 O-O 10. Nh4 Bg6 11. Nxg6 hxg6 12. a3 Qb6 13. Bb3 Rd8 14. Ne2 Bd6 15. Qd2 e5 16. Be3 exd4 17. Bxd4 Qc7 18. Ng3 Bc5 19. c3 Bxd4 20. cxd4 Qb6 21. Qc3 Rxd4 22. Re7 Nd5 23. Bxd5 Rxd5 24. Qf3 f6 25. Re8+ Kf7 26. Qe4 Re5 27. Rxe5 fxe5 28. Qxe5 Nd7 29. Qf4+ Nf6 30. b4 Rd8 31. Ne2 1/2-1/2